Map: Tours du crépuscule

Players

GregDaniels - Winner!

  • Race: Protoss Protoss
  • League: Gold

Plutonun

  • Race: Protoss Protoss
  • League: Silver

VOD

Have the link to the VOD?

Description

Time

  • Played on: Nov. 12, 2015, 3:09 p.m.
  • Length: 4:22
Show
View Real Time Build Order
Export as new Build Order

GregDaniels Protoss - Winner!

Build Orders: Cannon Rush 

Get SALT Encoding   

  12  0:08  Pylon  
  12  0:28  Forge  
  12  0:44  Pylon  
  12  1:05  Photon Cannon  
  12  1:09  Pylon  
  12  1:29  Photon Cannon  
  12  1:33  Pylon  
  12  1:44  Pylon  
  12  1:54  Photon Cannon  
  12  2:15  Photon Cannon  
  12  2:24  Pylon  
  12  2:39  Probe (Chrono Boost)  
  12  2:42  Assimilator  
  13  2:49  Probe (Chrono Boost)  
  14  3:01  Photon Cannon  
  14  3:07  Probe (Chrono Boost)  
  15  3:17  Probe (Chrono Boost)  
  16  3:22  Photon Cannon  
  16  3:35  Probe (Chrono Boost)  
  17  3:45  Gateway  
  17  3:46  Probe (Chrono Boost)  
  18  4:05  Pylon  
  18  4:08  Pylon  
  18  4:12  Pylon  
Show
View Real Time Build Order
Export as new Build Order

Plutonun Protoss 

Build Orders:  

Get SALT Encoding   

  12  0:00  Probe (Chrono Boost)  
  13  0:11  Probe (Chrono Boost)  
  14  0:22  Pylon  
  14  0:23  Probe (Chrono Boost)  
  15  0:40  Probe (Chrono Boost)  
  16  0:47  Gateway  
  16  0:50  Probe (Chrono Boost)  
  17  0:57  Assimilator  
  17  1:01  Probe (Chrono Boost)  
  18  1:08  Assimilator  
  18  1:11  Probe (Chrono Boost)  
  18  1:17  Gateway  
  19  1:22  Probe (Chrono Boost)  
  21  1:32  Probe (Chrono Boost)  
  21  1:33  Pylon  
  21  1:34  Zealot  
  23  1:42  Pylon  
  23  1:51  Probe (Chrono Boost)  
  23  2:09  Cybernetics Core  
  23  2:12  Forge  
  23  2:34  Pylon  
  23  2:47  Mothership Core (Chrono Boost), Photon Cannon  
  26  2:58  Photon Cannon  
  22  3:07  Gateway  
  22  3:12  Pylon  
  22  3:22  Photon Cannon  
  22  3:29  Probe (Chrono Boost)  
  17  3:43  Photon Cannon  
Tags
 
Add a new tag
Caveats
  • Supply blocks, unpowered buildings, or Contaminate may cause inaccurate times.
  • Supply counts are checked every 10 seconds.